 Dungeon Crawl Stone Soup version 0.29.1-15-g9cfb28693d (webtiles) character file.

Game seed: 4640383254567484063

11533 redmage the Thaumaturge (level 12, -7/81 HPs)
             Began as a Meteoran Earth Elementalist on Sept 7, 2023.
             Was a Believer of Sif Muna.
             Mangled by an elephant (8 damage)
             ... while petrified by a basilisk
             ... on level 2 of the Lair of Beasts.
             The game lasted 00:40:21 (2941 turns).

redmage the Thaumaturge (MeEE)                      Turns: 2941, Time: 00:40:22

Health: -7/81      AC:  8    Str:  9    XL:     12   Next: 36%
Magic:  26/38      EV:  2    Int: 21    God:    Sif Muna [**....]
Gold:   305        SH:  0    Dex: 17    Spells: 26/35 levels left

rFire   + . .      SeeInvis .   u - +5 quarterstaff of Beirogg {flame, rF+ MP+9}
rCold   + . .      Faith    .   (shield currently unavailable)
rNeg    + + +      Spirit   .   a - +0 robe
rPois   ∞          Reflect  .   g - +0 helmet
rElec   +          Harm     .   h - +0 cloak
rCorr   .          Rampage  .   (no gloves)
Will    +....                   (no boots)
Stlth   +.........              (no amulet)
HPRegen 0.23/turn               m - ring of Edwyheir {rElec rC+ AC+4 Stlth-}
MPRegen 0.26/turn               n - ring of poison resistance

@: lethally poisoned (-7 -> -7), petrified, marked, glowing
A: sense surroundings 2, otherworldly, glowing, explore regen
a: Renounce Religion, Channel Magic


You were on level 2 of the Lair of Beasts.
You worshipped Sif Muna.
Sif Muna was pleased with you.
You visited 3 branches of the dungeon, and saw 13 of its levels.

You collected 440 gold pieces.
You spent 135 gold pieces at shops.

Inventory:

Hand Weapons
 u - the +5 quarterstaff of Beirogg (weapon) {flame, rF+ MP+9}
   (You found it on level 8 of the Dungeon)

   It burns those it strikes, dealing additional fire damage.
   rF:        It protects you from fire.
   MP:        It affects your magic capacity (+9).
 v - a +4 morningstar of freezing
Missiles
 t - a curare-tipped dart
Armour
 a - a +0 robe (worn)
 g - a +0 helmet (worn)
 h - a +0 cloak (worn)
 q - a +1 ring mail of cold resistance
Magical Staves
 j - a staff of cold
Jewellery
 m - the ring of Edwyheir (left hand) {rElec rC+ AC+4 Stlth-}
   (You bought it in a shop on level 2 of the Dungeon)

   [ring of protection]

   AC:        It affects your AC (+4).
   rC:        It protects you from cold.
   rElec:     It insulates you from electricity.
   Stlth:     It makes you less stealthy.
 n - a ring of poison resistance (right hand)
 s - the ring "Hueduut" {rC+ rCorr Str+6}
   (You acquired it on level 7 of the Dungeon)

   [ring of strength]

   Str:       It affects your strength (+6).
   rC:        It protects you from cold.
   rCorr:     It protects you from acid and corrosion.
 x - an amulet of faith
Wands
 p - a wand of iceblast (8)
Scrolls
 f - a scroll of vulnerability
 l - a scroll of teleportation
 r - 3 scrolls of amnesia
 w - a scroll of immolation
Potions
 b - 3 potions of magic
 c - 3 potions of haste
 d - a potion of might {unknown}
 e - 2 potions of mutation {unknown}
 k - 3 potions of brilliance
 o - a potion of lignification


   Skills:
 - Level 6.0 Staves
 - Level 2.4 Dodging
 - Level 1.4 Stealth
 - Level 12.1 Spellcasting
 + Level 8.8 Conjurations
 - Level 1.2 Transmutations
 - Level 5.0 Ice Magic
 + Level 9.4 Earth Magic
 - Level 12.0 Invocations


You had 26 spell levels left.
You knew the following spells:

 Your Spells              Type           Power      Damage    Failure   Level
a - Sandblast             Erth           100%       2d20      1%          1
b - Passwall              Tmut/Erth      29%        N/A       1%          2
c - Stone Arrow           Conj/Erth      100%       3d13      1%          3
d - Frozen Ramparts       Ice            66%        1d10      1%          3

Your spell library contained the following spells:

 Spells                   Type           Power      Damage    Failure   Level
 Freeze                   Ice            100%       1d11      1%          1
 Hailstorm                Conj/Ice       41%        3d10      3%          4
 Petrify                  Tmut/Erth      35%        N/A       6%          4
 Dispersal                Tloc           6%         N/A       100%        6
 Disjunction              Tloc           6%         N/A       100%        8


Dungeon Overview and Level Annotations

Branches:
Dungeon (9/15) Zot: 3068   Temple (1/1) D:7 Zot: 585    Lair (3/5) D:8 Zot: 1079
  Snake (0/4) Lair:2
  Swamp: Lair:2-3    Shoals: Lair:2-3       Orc: D:9-12

Altars:
Dithmenos
Elyvilon
Gozag
Hepliaklqana
Kikubaaqudgha
Makhleb
Okawaru
Ru
Sif Muna
Trog
Uskayaw
Wu Jian
Yredelemnul
Zin
The Shining One

Shops:
D:2 **


Innate Abilities, Weirdness & Mutations

You passively map the area around you.
You are easily found by Zot.
You glow in the dark.
You regain HP and MP as you explore.


Message History

Confirm with . or Enter, or press ? or * to list all spells.
Aiming: Sandblast (safe; 1% risk of failure)
Press: ? - help, Shift-Dir - straight line, f/p - basilisk
Aim: a basilisk (almost dead, 82% to hit)
The blast of sand hits the basilisk!!
You kill the basilisk!
Sif Muna accepts your kill.
You feel sick. The elephant tramples you!
You stumble backwards!
The elephant tramples you!
* * * LOW HITPOINT WARNING * * *
You stumble backwards!
You have turned to stone.
The elephant tramples you!
* * * LOW HITPOINT WARNING * * *
You are shoved backwards!
The elephant tramples you but does no damage.
The elephant trunk-slaps you but does no damage.
The elephant tramples you.
* * * LOW HITPOINT WARNING * * *
You are shoved backwards!
The water moccasin is no longer moving slowly.
The elephant tramples you!
* * * LOW HITPOINT WARNING * * *
You are shoved backwards!
The elephant tramples you!
* * * LOW HITPOINT WARNING * * *
You hold your ground!
The elephant trunk-slaps you but does no damage.
The elephant completely misses you.
The elephant trunk-slaps you but does no damage.
The elephant tramples you.
* * * LOW HITPOINT WARNING * * *
You hold your ground!
The elephant trunk-slaps you but does no damage.
The elephant tramples you.
You hold your ground!
The elephant trunk-slaps you.
* * * LOW HITPOINT WARNING * * *
The water moccasin bites you.
* * * LOW HITPOINT WARNING * * *
The water moccasin is no longer moving slowly.
The elephant tramples you!
You die...

...........#.##.####.............
...÷.............................
.................................
###.##.Y.........................
###.##..Y.l.................#.##.
....##..................####### #
...<#.......#.##P.#.....# , *
.....#...##S######......# *,,
.........#..SYkY@##......#* ,
....#.....#...lYS.#......#, *
.....#....#...Y).#......## **
....#....##......##......# **
...##....#.....###......##, * *
### #.....#.#.#. .#......,,,, , ,
,, ...................... ,, , *
##P.P#PP#.#* ###, * ** * *


You could see 4 elephants, a komodo dragon, a rime drake and 3 water moccasins.

Vanquished Creatures
  A hydra (Lair:1)
  Pikel (D:5)
  A black mamba (Lair:2)
  2 cane toads
  3 komodo dragons
  A polar bear (Lair:2)
  4 blink frogs (Lair:1)
  2 wraiths (Lair:3)
  23 yaks (Lair:1)
  2 basilisks (Lair:2)
  A steam dragon (Lair:3)
  Edmund (D:6)
  2 swamp worms (Lair:1)
  9 water moccasins
  2 orc warriors (D:8)
  A black bear (D:6)
  An ice beast (D:6)
  A centaur (D:8)
  2 lemures (D:5)
  2 ogres
  A phantom (D:6)
  A kobold brigand (D:7)
  7 bullfrogs
  A scorpion (D:6)
  A water moccasin zombie (D:6)
  2 necrophages
  3 wights (D:8)
  A water moccasin skeleton (D:6)
  3 howler monkeys (D:8)
  5 hounds
  A bullfrog skeleton (D:6)
  A gnoll bouda (D:5)
  8 orc priests
  5 iguanas
  Ijyb (D:5)
  4 orc wizards
  A killer bee zombie (D:6)
  A howler monkey skeleton (D:6)
  5 gnolls (D:5)
  2 adders
  A white imp (D:8)
  A dart slug (D:5)
  32 orcs
  An endoplasm (D:3)
  2 giant cockroaches (D:2)
  5 goblins
  2 hobgoblins (D:4)
  2 jackals (D:2)
  6 kobolds
  3 quokkas
  3 ball pythons
  3 bats
  A rat (D:2)
178 creatures vanquished.

Vanquished Creatures (others)
  4 fungi
  11 plants
15 creatures vanquished.

Grand Total: 193 creatures vanquished

Notes
Turn   | Place    | Note
-------+----------+-------------------------------------------
     0 | D:1      | redmage the Meteoran Earth Elementalist began the quest for
                  | the Orb.
     0 | D:1      | Reached XP level 1. HP: 14/14 MP: 5/5
    30 | D:1      | Reached XP level 2. HP: 20/20 MP: 4/7
    67 | D:2      | Found an ornate altar of the Wu Jian Council.
    71 | D:2      | Found Ugiusmen's Assorted Antiques.
   105 | D:2      | Found a faded altar of an unknown god.
   231 | D:2      | Found Coataxats's Assorted Antiques.
   267 | D:3      | Reached XP level 3. HP: 26/26 MP: 6/8
   270 | D:3      | Learned a level 2 spell: Passwall
   274 | D:3      | Learned a level 3 spell: Stone Arrow
   355 | D:3      | Reached skill level 1 in Conjurations
   408 | D:5      | Entered Level 5 of the Dungeon
   480 | D:4      | Learned a level 3 spell: Frozen Ramparts
   545 | D:4      | Reached XP level 4. HP: 33/33 MP: 6/10
   569 | D:4      | Reached skill level 1 in Ice Magic
   573 | D:4      | Reached XP level 5. HP: 20/38 MP: 2/11
   800 | D:2      | Bought a blue potion for 20 gold pieces
   800 | D:2      | Bought a slimy lapis lazuli ring for 115 gold pieces
   800 | D:2      | Identified the ring of Edwyheir {rElec rC+ AC+4 Stlth-}
                  | (You bought it in a shop on level 2 of the Dungeon)
   939 | D:5      | Reached XP level 6. HP: 45/45 MP: 9/13
   969 | D:5      | Reached skill level 5 in Earth Magic
  1024 | D:5      | Found a hide-covered altar of Uskayaw.
  1055 | D:5      | Reached XP level 7. HP: 48/50 MP: 2/14
  1077 | D:5      | Noticed Pikel
  1101 | D:5      | Killed Pikel
  1102 | D:5      | Reached skill level 5 in Spellcasting
  1102 | D:5      | Reached skill level 5 in Conjurations
  1102 | D:5      | Reached skill level 5 in Ice Magic
  1102 | D:5      | Reached XP level 8. HP: 47/57 MP: 2/16
  1125 | D:5      | Noticed Ijyb
  1137 | D:5      | Killed Ijyb
  1217 | D:5      | Found an ornate altar of the Wu Jian Council.
  1224 | D:5      | Noticed a spectral centipede
  1224 | D:5      | Noticed a spectral black mamba
  1293 | D:6      | Noticed Edmund
  1337 | D:6      | Gained mutation: You passively map the area around you.
                  | [Meteoran growth]
  1337 | D:6      | Reached XP level 9. HP: 62/62 MP: 16/21
  1339 | D:6      | Killed Edmund
  1568 | D:6      | Reached skill level 10 in Spellcasting
  1807 | D:7      | Identified a scroll of acquirement
  1807 | D:7      | Acquired the ring "Hueduut" {rC+ rCorr Str+6}
  1876 | D:8      | Identified the +5 quarterstaff of Beirogg {flame, rF+ MP+9}
  1908 | D:8      | Reached XP level 10. HP: 32/69 MP: 14/26
  1955 | D:7      | Found a staircase to the Ecumenical Temple.
  1981 | Temple   | Entered the Ecumenical Temple
  1988 | Temple   | Became a worshipper of Sif Muna the Loreminder
  2075 | D:8      | Reached skill level 1 in Invocations
  2081 | D:8      | Reached skill level 1 in Staves
  2206 | D:8      | Found a white marble altar of Elyvilon.
  2214 | D:8      | Found a staircase to the Lair.
  2276 | Lair:1   | Entered Level 1 of the Lair of Beasts
  2391 | Lair:1   | Reached skill level 5 in Invocations
  2395 | Lair:1   | Reached skill level 5 in Staves
  2400 | Lair:1   | Reached * piety under Sif Muna
  2454 | Lair:1   | Reached XP level 11. HP: 49/74 MP: 19/28
  2466 | Lair:1   | HP: 2/74 [yak (5)]
  2469 | Lair:1   | Reached skill level 10 in Invocations
  2754 | Lair:1   | HP: 2/74 [yak (3)]
  2789 | Lair:1   | Noticed an eight-headed hydra
  2798 | Lair:1   | Killed an eight-headed hydra
  2799 | Lair:1   | Reached XP level 12. HP: 81/81 MP: 19/29
  2803 | Lair:1   | Reached ** piety under Sif Muna
  2940 | Lair:2   | HP: 4/81 [elephant (2)]
  2940 | Lair:2   | HP: 1/81 [water moccasin (2)]
  2941 | Lair:2   | Mangled by an elephant

Illustrated notes

Levels and vault maps discovered:
D:1:      dpeg_arrival_tiny_j, layout_basic
D:2:      layout_basic, basic_altar, hellmonk_ecumenical_altar_defaced_shrine,
          serial_shops, nicolae_diamond_shop, shop,
          chequers_serial_rivers_small_a, grunt_ministairs_15
D:3:      layout_loops_ring, nemelex_spade_bored_becter, uniq_grinder,
          uniq_terence
D:4:      layout_gridville, minmay_misc_feat_five
D:5:      layout_basic, eat_drink_and_be_merry_uskayaw,
          pdpol_wu_jian_five_deadly_venoms, item_on_display_a, uniq_ijyb,
          uniq_pikel
D:6:      layout_gridville, serial_undead, serial_undead_b, serial_undead_c,
          serial_undead_e, serial_undead_f, serial_undead_a, serial_undead_e,
          serial_undead_b, chequers_serial_rivers_marsh,
          amcnicky_mini_pool_small, st_stairs_11, uniq_edmund
D:7:      layout_cave_pods, minmay_temple_entry_tees
D:8:      layout_rooms, nicolae_overflow_hidden_temple, lair_entry_dummy,
          kennysheep_minor_cross
D:9:      layout_small_grid, nicolae_qazlal_style_of_elements,
          lemuel_doored_altar, chequers_temple_overflow_statue_of_worship,
          nicolae_transporter_intersection, uniq_maggie
Temple:   nicolae_temple_ecumenical_triangle
Lair:1:   layout_cave_shapes, worms_lemuel
Lair:2:   layout_regular_city, swamp_mist, minmay_snake_entry_six_corridors,
          gammafunk_ghost_cemetery
Lair:3:   layout_regular_city, uniq_josephine

Skill      XL: |  1  2  3  4  5  6  7  8  9 10 11 12 |
---------------+-------------------------------------+-----
Spellcasting   | 3 4 5 7 11 12 | 12.1
Earth Magic    | 4 5 6 8 9 |  9.4
Conjurations   | 1 2 3 5 7 8 |  8.8
Ice Magic      | 1 2 3 5 |  5.0
Invocations    | 8 12 | 12.0
Staves         | 6 |  6.0
Dodging        | |  2.4
Stealth        | |  1.4
Transmutations | |  1.2

Action                   |  1- 3 |  4- 6 |  7- 9 | 10-12 || total
-------------------------+-------+-------+-------+-------++-------
Melee: Staff             |     1 |     2 |     1 |       ||     4
       Whip              |       |       |    35 |       ||    35
       Quarterstaff      |       |       |       |    12 ||    12
 Cast: Sandblast         |    34 |    45 |    71 |    79 ||   229
       Passwall          |     2 |     8 |     6 |     2 ||    18
       Stone Arrow       |       |     4 |    19 |    65 ||    88
       Frozen Ramparts   |       |       |    11 |    19 ||    30
Evoke: Wand              |       |       |       |     2 ||     2
  Use: Scroll            |     7 |     2 |     4 |     4 ||    17
       Potion            |       |       |     1 |     3 ||     4
Armor: Robe              |     2 |     6 |    33 |    31 ||    72
Dodge: Dodged            |     6 |    16 |    47 |    45 ||   114
